 Seeded DCSS version 0.29.1-15-g9cfb28693d (webtiles) character file.

Game seed: 5430720872467839093 (custom seed)

927 Darius099 the Grappler (level 7, -6/66 HPs)
             Began as a Troll Monk on Mar 7, 2023.
             Mangled by a wight
             ... wielding a +0 dire flail
              (15 damage)
             ... on level 5 of the Dungeon.
             The game lasted 00:06:36 (4311 turns).

Darius099 the Grappler (Troll Monk)                 Turns: 4311, Time: 00:06:37

Health: -6/66      AC:  4    Str: 20    XL:     7   Next: 85%
Magic:  6/6        EV: 10    Int:  6    God:
Gold:   460        SH:  0    Dex: 14    Spells: 6/6 levels left

rFire   . . .      SeeInvis .     - Unarmed
rCold   . . .      Faith    .   (no shield)
rNeg    . . .      Spirit   .   a - +0 robe
rPois   .          Reflect  .   (helmet restricted)
rElec   .          Harm     .   (no cloak)
rCorr   .          Rampage  .   (gloves unavailable)
Will    .....                   (boots unavailable)
Stlth   ++........              (no amulet)
HPRegen 1.01/turn               (no ring)
MPRegen 0.10/turn               (no ring)

@: no status effects
A: large, unfitting armour, claws 3, regeneration 1, shaggy fur 1, tough skin 1
a: no special abilities


You were on level 5 of the Dungeon.
You visited 2 branches of the dungeon, and saw 6 of its levels.
You also visited: Ossuary.

You collected 460 gold pieces.

Inventory:

Armour
 a - a +0 robe (worn)
Wands
 y - a wand of roots (12)
Scrolls
 c - a scroll of summoning {unknown}
 d - a scroll of brand weapon {unknown}
 g - a scroll of silence {unknown}
 h - a scroll of teleportation {unknown}
 i - 3 scrolls of identify {unknown}
 j - a scroll of magic mapping {unknown}
 k - a scroll of amnesia {unknown}
 l - a scroll of poison {unknown}
 p - 2 scrolls of enchant weapon {unknown}
 r - a scroll of blinking {unknown}
 x - a scroll of vulnerability {unknown}
Potions
 b - 3 potions of ambrosia
 e - 2 potions of curing {unknown}
 f - a potion of magic {unknown}
 m - 4 potions of lignification {unknown}
 n - 3 potions of heal wounds
 o - a potion of might {unknown}
 q - 2 potions of degeneration {unknown}
 s - 3 potions of resistance {unknown}
 t - 3 potions of mutation {unknown}
 u - 2 potions of attraction {unknown}
 v - a potion of haste {unknown}
 w - a potion of brilliance {unknown}


   Skills:
 - Level 2.4 Fighting
 - Level 2.4 Dodging
 - Level 1.0 Stealth
 + Level 9.5 Unarmed Combat


You had 6 spell levels left.
You didn't know any spells.
Your spell library contained the following spells:

 Spells                   Type           Power      Damage    Failure   Level
 Confusing Touch          Hex            0%         N/A       83%         3
 Yara's Violent Unravell  Hex/Tmut       0%         3d3       100%        5
 Enfeeble                 Hex            0%         N/A       100%        7


Dungeon Overview and Level Annotations

Branches:
Dungeon (5/15)             Temple (1/1) D:4         Ossuary (visited)

Altars:
Cheibriados
Dithmenos
Hepliaklqana
Nemelex Xobeh
Okawaru
Ru
Sif Muna
Uskayaw
Vehumet
Wu Jian
Xom
Yredelemnul
Zin
The Shining One

Shops:
D:4 (


Innate Abilities, Weirdness & Mutations

You are too large for most types of armour.
You have claws for hands.
Your natural rate of healing is unusually fast.
You are covered in fur. (AC +1)
You have tough skin. (AC +1)


Message History

No target in view! 3 wights come into view.
The wight misses you.
There are monsters nearby!
There are monsters nearby!
You mangle the wight!!
You destroy the wight!
A wight comes into view. It is wielding a +0 dire flail.
The wight hits you from afar with a +4 halberd!
You feel drained.
Your life force feels restored.
A wight comes into view. It is wielding a +3 trident.
The wight barely misses you. The wight hits you with a +4 halberd!
Things that are here:
a +4 long sword; a +0 robe You claw the wight!
You claw the wight.
The wight is almost destroyed.
The wight barely misses you. The wight misses you.
The wight hits you with a +4 halberd!
You claw the wight!
You destroy the wight!
The wight hits you with a +0 dire flail!
The wight hits you with a +3 trident. The wight completely misses you.
You are too injured to fight recklessly!
You are too injured to fight recklessly!
You are too injured to fight recklessly!
You are too injured to fight recklessly!
You are too injured to fight recklessly!
The wight hits you from afar with a +3 trident.
* * * LOW HITPOINT WARNING * * *
You closely miss the wight.
The wight hits you from afar with a +3 trident!
* * * LOW HITPOINT WARNING * * *
The wight closely misses you. x2
You scratch the wight but do no damage. You barely miss the wight.
The wight hits you from afar with a +3 trident.
* * * LOW HITPOINT WARNING * * *
The wight hits you with a +0 dire flail!
You die...

#.<.# #..>#
##..# ##+###
#..######....#
#..##..##....#
#............#
#...........##
#..##.####.##
#..##.# #@###
#......#..#zz#
#......#.#.z.#
##......#..#.#
#.....#..# .#
...##.. .# ..#
### ## ..


You could see 3 wights.

Vanquished Creatures
  Sigmund (D:2)
  Edmund (D:4)
  A black bear (D:4)
  A scorpion (D:3)
  2 wights (D:5)
  2 hounds (D:4)
  An orc priest (D:4)
  Natasha (thrice) (D:4)
  An orc wizard (D:4)
  8 mummies (Ossuary)
  5 adders
  A worm (D:2)
  3 dart slugs (D:3)
  5 orcs
  5 ball pythons
  7 bats
  7 endoplasms
  5 giant cockroaches
  4 goblins
  4 hobgoblins
  8 kobolds
  6 quokkas
  4 frilled lizards
  2 gnoll zombies (Ossuary)
  A goblin zombie (D:4)
  2 hobgoblin zombies (Ossuary)
  A kobold zombie (Ossuary)
  3 orc zombies (Ossuary)
  3 rats
  A rat zombie (D:4)
98 creatures vanquished.

Vanquished Creatures (others)
  2 fungi (D:2)
  2 plants (D:2)
4 creatures vanquished.

Grand Total: 102 creatures vanquished

Notes
Turn   | Place    | Note
-------+----------+-------------------------------------------
     0 | D:1      | Darius099 the Troll Monk began the quest for the Orb.
     0 | D:1      | Reached XP level 1. HP: 22/22 MP: 0/0
   253 | D:1      | Reached XP level 2. HP: 29/29 MP: 1/1
   481 | D:1      | Reached skill level 4 in Unarmed Combat
   613 | D:1      | Reached XP level 3. HP: 36/36 MP: 2/2
  1165 | D:2      | Noticed Sigmund
  1195 | D:2      | Killed Sigmund
  1196 | D:2      | Reached skill level 6 in Unarmed Combat
  1196 | D:2      | Reached XP level 4. HP: 34/44 MP: 3/3
  1196 | D:2      | Reached XP level 5. HP: 39/50 MP: 4/4
  1729 | D:2      | Found a faded altar of an unknown god.
  2180 | D:3      | Found an iron altar of Okawaru.
  2242 | D:3      | Reached XP level 6. HP: 44/59 MP: 5/5
  2810 | D:4      | Found a sand-covered staircase.
  2830 | D:4      | Noticed Natasha
  2839 | D:4      | Killed Natasha
  2840 | D:4      | Reached skill level 7 in Unarmed Combat
  2845 | Ossuary  | Entered an ossuary
  3152 | D:4      | Reached skill level 8 in Unarmed Combat
  3152 | D:4      | Reached XP level 7. HP: 55/66 MP: 6/6
  3435 | D:4      | Found a staircase to the Ecumenical Temple.
  3446 | Temple   | Entered the Ecumenical Temple
  3786 | D:4      | Found Ymuynete's Weapon Emporium.
  3789 | D:4      | Noticed Natasha
  3798 | D:4      | Killed Natasha
  3869 | D:4      | Noticed Edmund
  3893 | D:4      | Killed Edmund
  4017 | D:4      | Reached skill level 9 in Unarmed Combat
  4273 | D:4      | Noticed Natasha
  4280 | D:4      | Killed Natasha
  4287 | D:5      | Entered Level 5 of the Dungeon
  4311 | D:5      | Mangled by a wight

Illustrated notes

Levels and vault maps discovered:
D:1:      dpeg_arrival_shelter, layout_basic, amcnicky_mini_rare_corridor_liquid
D:2:      layout_loops_corners, shapermc_ecumenical_altar_petra,
          minmay_door_square, uniq_sigmund
D:3:      layout_basic, okawaru_ov_weapons_minmay, roderic_serpentine_path,
          minivault_14, st_stairs_11, kennysheep_generic_room_15
D:4:      layout_basic, minmay_temple_entry_crystal_x, serial_shops,
          nicolae_shop_bloodbath_and_beyond, enter_ossuary_3, uniq_natasha,
          uniq_edmund
D:5:      layout_gridville, grunt_decor_cap, minmay_stone_trees_medium,
          hangedman_abyss_or_decor_jellyfish_corner, uniq_menkaure
Temple:   oiseaux_autumnal_temple

Skill      XL: |  1  2  3  4  5  6  7 |
---------------+----------------------+-----
Unarmed Combat | 4 6 8 9 |  9.5
Fighting       | |  2.4
Dodging        | |  2.4
Stealth        | |  1.0

Action                   |  1- 3 |  4- 6 |  7- 9 || total
-------------------------+-------+-------+-------++-------
Melee: Unarmed           |    65 |   130 |    72 ||   267
       Punch             |     2 |     7 |     4 ||    13
  Use: Potion            |       |       |     2 ||     2
 Stab: Sleeping          |     2 |     3 |     1 ||     6
       Distracted        |     1 |       |       ||     1
Armor: Robe              |    22 |    27 |    20 ||    69
Dodge: Dodged            |    24 |    54 |    35 ||   113
